[Event "Central-SRB chT 2018"]
[Site "Kragujevac"]
[Date "2018.09.14"]
[Round "1"]
[White "Radovic, Janko"]
[Black "Dimitrijevic, Radmilo"]
[Result "1/2-1/2"]
[ECO "B31"]
[WhiteElo "2405"]
[BlackElo "2247"]
[Annotator "ChessBase"]
[PlyCount "30"]
[EventDate "2018.09.14"]
[EventType "team-tourn"]
[EventCountry "SRB"]
[SourceTitle "playchess.com"]
[Source "ChessBase"]
[SourceQuality "1"]
[TimeControl "40/5400+30:1800+30"]

1. e4 c5 2. Nf3 Nc6 3. Bb5 g6 4. O-O Bg7 5. Re1 Nf6 6. e5 Nd5 7. Nc3 Nxc3 8. dxc3 a6 9. Bxc6 dxc6 10. Qxd8+ Kxd8 11. Ng5 Be6 12. Nxe6+ fxe6 13. a4 a5 14. Bg5 Kc7 15. f4 Rag8 1/2-1/2

[Event "Central-SRB chT 2018"]
[Site "Kragujevac"]
[Date "2018.09.14"]
[Round "1"]
[White "Pavlovic, Dejan S"]
[Black "Mijailovic, Zoran"]
[Result "1-0"]
[ECO "C43"]
[WhiteElo "2396"]
[BlackElo "2400"]
[Annotator "ChessBase"]
[PlyCount "85"]
[EventDate "2018.09.14"]
[EventType "team-tourn"]
[EventCountry "SRB"]
[SourceTitle "playchess.com"]
[Source "ChessBase"]
[SourceQuality "1"]
[TimeControl "40/5400+30:1800+30"]

1. e4 e5 2. Nf3 Nf6 3. d4 Nxe4 4. Bd3 d5 5. Nxe5 Be6 6. O-O Nd7 7. Bxe4 dxe4 8. Bf4 Nxe5 9. Bxe5 Bd6 10. Nc3 Bxe5 11. dxe5 Qg5 12. Qd4 e3 13. f4 Qg6 14. Qxe3 O-O 15. Rf2 b6 16. Rd1 Rad8 17. Rfd2 Rxd2 18. Rxd2 f6 19. Nb5 Bc4 20. e6 Bxb5 21. Qb3 Re8 22. Qxb5 f5 23. Re2 Re7 24. Qd5 h6 25. Re5 Kh7 26. a4 a5 27. c3 Qe8 28. b3 Kh8 29. h3 Qg6 30. b4 Kh7 31. bxa5 bxa5 32. Kh2 Qf6 33. c4 Kg6 34. Qxa5 Rxe6 35. Rxe6 Qxe6 36. Qxc7 h5 37. c5 Kh7 38. Qd6 Qe3 39. Qe5 Qd3 40. h4 Qc2 41. a5 g6 42. a6 Qf2 43. a7 1-0

[Event "Central-SRB chT 2018"]
[Site "Kragujevac"]
[Date "2018.09.14"]
[Round "1"]
[White "Zlatanovic, Boroljub"]
[Black "Nestorovic, Dejan"]
[Result "1-0"]
[ECO "A22"]
[WhiteElo "2371"]
[BlackElo "2340"]
[Annotator "NA"]
[PlyCount "71"]
[EventDate "2018.09.14"]
[EventType "team-tourn"]
[EventCountry "SRB"]
[SourceTitle "playchess.com"]
[Source "ChessBase"]
[SourceQuality "1"]
[TimeControl "40/5400+30:1800+30"]

1. c4 e5 2. Nc3 Nf6 3. g3 d5 4. cxd5 Nxd5 5. Bg2 Nb6 6. Nf3 Nc6 7. O-O Be7 8. d3 O-O 9. Be3 Re8 10. Rc1 Bf8 11. Na4 {[%emt 0:11:10] LiveBook: 30 Games} Nd4 12. Nc5 Bxc5 {[%emt 0:07:35] A29: Englische Eröffnung (Vierspringer-Variante)} (12... a5 13. Bxd4 exd4 14. Nb3 g5 15. Qd2 g4 16. Nh4 Re5 17. Qf4 Qd6 18. e3 Rb5 19. Rxc7 Qxf4 20. exf4 {0-1 (28) Granda Zuniga,J (2648)-So,W (2794) Douglas 2016}) 13. Rxc5 Qd6 14. b4 c6 15. Nxd4 exd4 16. Bf4 Qe7 {[%emt 0:00:15] [#]} 17. a4 $146 ({Vorgänger:} 17. e3 dxe3 18. fxe3 Be6 19. a3 Rad8 20. e4 {½-½ (60) Belous,V (2524)-Bukavshin,I (2504) Sochi 2012}) 17... Bg4 18. Re1 a5 19. Rxa5 Qxb4 20. Bd2 Qe7 21. Qb3 Rxa5 22. Bxa5 Nc8 23. h3 Be6 24. Qb4 (24. Qb2 $16) 24... b6 25. Qxe7 $14 Rxe7 26. Bd2 c5 27. a5 b5 28. Rc1 c4 29. Bb4 Rc7 30. e3 dxe3 31. fxe3 f5 32. dxc4 bxc4 33. Bc3 Kf7 34. Rb1 Ne7 35. a6 Bc8 36. Rb7 1-0

[Event "Central-SRB chT 2018"]
[Site "Kragujevac"]
[Date "2018.09.14"]
[Round "1"]
[White "Radosavljevic, Slobodan S"]
[Black "Jovanovic, Bojan P"]
[Result "1-0"]
[ECO "A41"]
[WhiteElo "2106"]
[BlackElo "2275"]
[Annotator "ChessBase"]
[PlyCount "89"]
[EventDate "2018.09.14"]
[EventType "team-tourn"]
[EventCountry "SRB"]
[SourceTitle "playchess.com"]
[Source "ChessBase"]
[SourceQuality "1"]
[TimeControl "40/5400+30:1800+30"]

1. d4 d6 2. Nf3 Bg4 3. Nbd2 Nd7 4. e4 e5 5. c3 Ngf6 6. Bd3 Be7 7. O-O c6 8. h3 Bh5 9. a4 O-O 10. Re1 Re8 11. Nf1 Bf8 12. Ng3 Bxf3 13. Qxf3 exd4 14. cxd4 g6 15. a5 Bg7 16. b4 Nd5 17. Ba3 Nc7 18. Bc4 Qf6 19. Qxf6 Nxf6 20. Bf1 h5 21. h4 Nd7 22. Red1 a6 23. Rac1 d5 24. e5 Bh6 25. Rc2 f6 26. exf6 Nxf6 27. Bd3 Kf7 28. Bc1 Bg7 29. Bf4 Ne6 30. Be5 Ng4 31. Bxg7 Kxg7 32. Be2 Nh6 33. Kf1 Rf8 34. Rc3 Rf4 35. Re3 Re8 36. Bxh5 Rxh4 37. Rde1 gxh5 38. Rxe6 Rf8 39. Re7+ Rf7 40. R1e6 Rxe7 41. Rxe7+ Kg6 42. Re6+ Kg5 43. Rxh6 Rxd4 44. Rxh5+ Kg4 45. Rh4+ 1-0